 Seeded DCSS version 0.30.1-9-gdf580d7c3d (webtiles) character file.

Game seed: 9106806156630997546 (custom seed)

154 Psyclone the Conjurer (level 5, -9/28 HPs)
             Began as a Deep Elf Conjurer on Oct 9, 2023.
             Was an Initiate of Gozag.
             Mangled by a yak (17 damage)
             ... on level 6 of the Dungeon.
             The game lasted 00:03:07 (671 turns).

Psyclone the Conjurer (Deep Elf Conjurer)            Turns: 671, Time: 00:03:07

Health: -9/28      AC:  2    Str:  4    XL:     5   Next: 13%
Magic:  4/11       EV: 12    Int: 25    God:    Gozag
Gold:   18         SH:  0    Dex: 13    Spells: 7/10 levels left

rFire   . . .        (no weapon)
rCold   . . .        (no shield)
rNeg    . . .        a - +0 robe
rPois   .            (no helmet)
rElec   .            (no cloak)
rCorr   .            (no gloves)
SInv    .            (no boots)
Will    .....        (no amulet)
Stlth   ++           (no ring)
HPRegen 0.24/turn    (no ring)
MPRegen 0.12/turn

%: no passive effects
@: no status effects
A: no striking features
a: Renounce Religion, Potion Petition, Call Merchant, Bribe Branch


You were on level 6 of the Dungeon.
You worshipped Gozag.
Gozag was noncommittal.
You visited 2 branches of the dungeon, and saw 7 of its levels.

You collected 105 gold pieces.
You paid 87 gold pieces to Gozag.

Inventory:

Armour
 a - a +0 robe (worn)
Potions
 b - a potion of magic
 c - a potion of haste {unknown}
 d - a potion of degeneration {unknown}


   Skills:
 - Level 2.4 Dodging
 - Level 2.4 Stealth
 - Level 3.0 Spellcasting
 + Level 7.1 Conjurations


You had 7 spell levels left.
You knew the following spells:

 Your Spells              Type           Power      Damage    Failure   Level
a - Magic Dart            Conj           100%       1d8       1%          1
b - Searing Ray           Conj           78%        2d7       1%          2

Your spell library contained the following spells:

 Spells                   Type           Power      Damage    Failure   Level
 Dazzling Flash           Conj/Hex       42%        N/A       7%          3
 Fulminant Prism          Conj/Hex       10%        3d8       24%         4
 Iskenderun's Mystic Bla  Conj/Tloc      21%        2d6       24%         4


Dungeon Overview and Level Annotations

Branches:
Dungeon (6/15) Zot: 26964  Temple (1/1) D:5 Zot: 5894

Altars:
Ashenzari
Dithmenos
Gozag
Hepliaklqana
Okawaru
Qazlal
Ru
Sif Muna
Trog
Uskayaw
Wu Jian
Xom
Yredelemnul
Zin
The Shining One

Annotations:
D:3 Natasha


Message History

Casting: Searing Ray (safe; 1% risk of failure)
Confirm with . or Enter, or press ? or * to list all spells.
You don't know that spell.
Casting: Searing Ray (safe; 1% risk of failure)
Confirm with . or Enter, or press ? or * to list all spells.
You don't know that spell.
The yak attacks as you move away! The yak gores you.
You take 4 damage, and have 9/28 hp.
The yak barely misses you.
There is a stone staircase leading up here.
The yak gores you.
* * * LOW HITPOINT WARNING * * *
You climb upwards.
You hear the sound of rushing water.
There is an entrance to a sewer on this level.
Hurry and find it before the portal rusts away!
There is a stone staircase leading down here.
You take 4 damage, and have 5/28 hp.
The yak closely misses you.
You climb downwards.
There is a stone staircase leading up here.
You aren't carrying any scrolls.
You aren't carrying any scrolls.
The yak gores you but does no damage.
A yak comes into view.
The yak bellows!
A yak comes into view. x2 2 yaks come into view.
The yak bellows! x2; You hear a shout!
Found 2 stones.
The yak attacks as you move away! The yak gores you but does no damage.
The yak bellows!
You hear a bellow!
The yak closely misses you. The yak attacks as you move away!
The yak closely misses you.
An orc comes into view. It is wielding a +0 dagger.
The yak bellows!
An orc priest comes into view. It is wielding a +0 short sword.
The yak gores you!
Ouch! That really hurt!
You die...
Your body crumbles into a pile of gold.

#........#...#...#.#
#$.......#...$......#
##...........#.#....#
#...........#.....###
###.........Y.......#
###..$......Y.....o
#.......##Y....##
##..#.YY#YY......
#...##..@..o....
......####.#...#.
#......# ... ##
#..... .##.. (.. ##
.# .# .$


You could see 6 yaks, an orc priest (wandering) and an orc.

Vanquished Creatures
  2 scorpions
  2 adders (D:5)
  2 dart slugs
  3 orcs (D:5)
  A bat (D:1)
  An endoplasm (D:4)
  A hobgoblin (D:4)
  3 jackals
  A kobold (D:4)
16 creatures vanquished.

Notes
Turn   | Place    | Note
-------+----------+-------------------------------------------
     0 | D:1      | Psyclone the Deep Elf Conjurer began the quest for the Orb.
     0 | D:1      | Reached XP level 1. HP: 10/10 MP: 6/6
    28 | D:2      | Found a stormy altar of Qazlal.
   142 | D:2      | Reached XP level 2. HP: 15/15 MP: 5/8
   205 | D:2      | Learned a level 2 spell: Searing Ray
   206 | D:3      | Noticed Natasha
   229 | D:4      | Reached skill level 5 in Conjurations
   311 | D:5      | Entered Level 5 of the Dungeon
   336 | D:5      | Noticed a scorpion
   347 | D:5      | Killed a scorpion
   348 | D:5      | Reached skill level 6 in Conjurations
   348 | D:5      | Reached XP level 3. HP: 17/19 MP: 2/9
   348 | D:5      | Reached XP level 4. HP: 21/24 MP: 2/10
   459 | D:5      | Found a staircase to the Ecumenical Temple.
   472 | D:5      | Noticed a yak
   474 | Temple   | Entered the Ecumenical Temple
   484 | Temple   | Became a worshipper of Gozag Ym Sagoz the Greedy
   565 | D:5      | Noticed a yak
   565 | D:5      | Noticed a yak
   566 | D:5      | Noticed a yak
   637 | D:6      | Noticed a scorpion
   644 | D:6      | Killed a scorpion
   645 | D:6      | Reached skill level 7 in Conjurations
   645 | D:6      | Reached XP level 5. HP: 17/28 MP: 0/11
   645 | D:6      | Noticed a yak
   664 | D:6      | Noticed a yak
   665 | D:6      | Noticed a yak
   665 | D:6      | Noticed a yak
   666 | D:6      | Noticed a yak
   666 | D:6      | Noticed a yak
   671 | D:6      | Mangled by a yak

Illustrated notes

Levels and vault maps discovered:
D:1:      onia_arrival_mini_spirals, layout_loops_ring, serial_shops, shop
D:2:      layout_rooms, basic_altar, reono_crystal_passage, minmay_tetromino_l2,
          uniq_robin, uniq_jessica, uniq_crazy_yiuf_cottage
D:3:      layout_loops_ring, uniq_sigmund, uniq_natasha
D:4:      layout_rooms, ebering_ghost_sewer_d, nicolae_take_the_stairs,
          grunt_ministairs_6, ebering_dispersal_statue_hall,
          minmay_ogre_servants
D:5:      nicolae_cairo_tiling_large, layout_basic, slow_altar_2,
          minmay_temple_entry_junction_2, portal_sewer_entry_b
D:6:      layout_cave_pools
Temple:   nicolae_temple_bog_church

Skill      XL: |  1  2  3  4 |
---------------+-------------+-----
Conjurations   | 6 7 |  7.1
Dodging        | |  2.4
Stealth        | |  2.4
Spellcasting   | |  3.0

Action                     |  1- 3 |  4- 6 || total
---------------------------+-------+-------++-------
   Cast: Magic Dart        |    13 |     9 ||    22
         Searing Ray       |     3 |     3 ||     6
 Armour: Robe              |       |     2 ||     2
  Dodge: Dodged            |    13 |     8 ||    21
